Map: World of Sleepers LE

Players

Cuddlebear

  • Race: Terran Terran
  • Spawn Location: 1:00

Zanster - Winner!

  • Race: Zerg Zerg
  • Spawn Location: 7:00

VOD

Have the link to the VOD?

Description

Time

  • Played on: Sept. 6, 2019, 2:09 p.m.
  • Length: 4:44
Show
View Real Time Build Order
Export as new Build Order

Cuddlebear Terran 

Build Orders: Reaper Expand 

Get SALT Encoding   

  12  0:00  SCV  
  13  0:13  SCV  
  14  0:18  Supply Depot  
  14  0:25  SCV  
  15  0:40  Barracks, SCV  
  16  0:46  Refinery  
  16  0:52  SCV  
  17  1:04  SCV  
  18  1:16  SCV  
  19  1:30  Orbital Command, Reaper  
  20  1:40  Command Center  
  20  1:47  Supply Depot  
  20  1:56  SCV  
  21  2:01  Marine  
  22  2:08  SCV  
  22  2:11  Factory  
  23  2:20  SCV  
  24  2:24  Barracks Reactor  
  24  2:32  SCV  
  25  2:44  SCV  
  26  2:57  SCV  
  27  3:02  Orbital Command  
  27  3:09  SCV, Starport  
  27  3:11  Hellion x2  
  32  3:14  Marine  
  32  3:29  SCV  
  32  3:32  Hellion x2  
  37  3:38  SCV  
  38  3:43  SCV  
  38  3:45  Viking  
  41  3:50  SCV  
  41  3:51  Barracks Tech Lab  
  42  3:58  Refinery  
  42  4:00  Bunker  
  42  4:01  Widow Mine  
  37  4:23  Hellion  
Show
View Real Time Build Order
Export as new Build Order

Zanster Zerg - Winner!

Build Orders: Pool First 

Get SALT Encoding   

  12  0:00  Drone  
  13  0:12  Overlord  
  13  0:17  Drone  
  14  0:31  Drone  
  14  0:32  Drone  
  16  0:36  Drone  
  17  0:45  Extractor  
  17  0:46  Drone  
  17  0:50  Spawning Pool  
  16  0:57  Drone  
  17  1:06  Drone  
  18  1:19  Hatchery  
  17  1:36  Queen  
  17  1:37  Zergling x2  
  17  1:38  Zergling x2  
  17  1:39  Zergling x2  
  22  1:48  Metabolic Boost  
  22  1:53  Overlord  
  22  2:17  Roach Warren  
  22  2:19  Zergling x2, Drone  
  23  2:28  Overlord  
  23  2:53  Overlord  
  23  2:58  Roach x5  
  33  3:00  Roach  
  35  3:06  Roach  
  37  3:17  Roach  
  39  3:23  Zergling x6  
  41  3:30  Zergling x4  
  42  3:36  Zergling x2  
  42  3:39  Ravager  
  42  3:41  Zergling x4  
  43  3:45  Zergling x2  
  45  3:54  Zergling x4  
  47  3:56  Zergling x2  
  46  4:10  Zergling x6  
  46  4:12  Ravager  
  47  4:24  Zergling x6  
Tags
 
Add a new tag
Caveats
  • Supply blocks, unpowered buildings, or Contaminate may cause inaccurate times.
  • Supply counts are checked every 10 seconds.